Map: 16-Bit LE

Players

Nordy - Winner!

  • Race: Protoss Protoss
  • League: Diamond
  • Spawn Location: 7:00

alexssister

  • Race: Zerg Zerg
  • League: Diamond
  • Spawn Location: 1:00

VOD

Have the link to the VOD?

Description

Time

  • Played on: July 23, 2018, 9:59 p.m.
  • Length: 12:12
Show
View Real Time Build Order
Export as new Build Order

Nordy Protoss - Winner!

Build Orders: 1 Gate Expand, Oracle Opening, Phoenix Opening, Zealot Archon 

Get SALT Encoding   

  12  0:01  Probe  
  13  0:13  Probe  
  14  0:18  Pylon  
  14  0:25  Probe  
  15  0:35  Probe  
  15  0:40  Gateway  
  16  0:43  Probe  
  16  0:49  Assimilator  
  17  0:51  Probe  
  18  1:03  Probe  
  19  1:15  Probe  
  20  1:29  Nexus  
  20  1:39  Cybernetics Core  
  20  1:45  Assimilator  
  20  1:48  Probe  
  21  1:55  Pylon  
  21  2:02  Probe  
  21  2:06  Adept  
  22  2:14  Probe  
  25  2:21  Stargate  
  25  2:27  Probe  
  25  2:29  Warp Gate  
  26  2:33  Adept  
  28  2:37  Probe  
  28  2:38  Probe  
  30  2:45  Probe  
  30  2:46  Probe  
  32  2:54  Probe  
  32  2:56  Probe  
  33  3:05  Oracle  
  37  3:13  Probe x2  
  39  3:25  Probe x2  
  41  3:30  Twilight Council  
  41  3:32  Gateway  
  41  3:34  Pylon, Phoenix  
  41  3:37  Probe x2  
  45  3:52  Probe x2  
  47  3:59  Robotics Facility  
  47  4:04  Probe x2  
  49  4:16  Probe  
  49  4:17  Probe, Charge  
  51  4:23  Assimilator  
  51  4:28  Probe, Assimilator  
  51  4:29  Probe  
  53  4:31  Pylon  
  53  4:36  Gateway  
  53  4:37  Gateway  
  53  4:40  Probe  
  53  4:41  Forge  
  54  4:49  Probe  
  54  4:50  Pylon  
  54  4:52  Probe  
  56  4:58  Adept x2  
  60  5:01  Protoss Ground Weapons Level 1, Probe  
  61  5:10  Nexus  
  61  5:11  Probe  
  61  5:13  Probe  
  63  5:20  Observer  
  64  5:23  Probe  
  64  5:24  Sentry  
  64  5:25  Probe  
  64  5:28  Pylon  
  68  5:31  Pylon  
  68  5:34  Pylon  
  68  5:35  Probe  
  68  5:37  Probe  
  68  5:38  Immortal  
  70  5:47  Probe  
  70  5:48  Pylon  
  75  5:54  Gateway  
  75  5:56  Probe, Gateway  
  76  5:58  Adept, Gateway  
  78  6:12  Zealot x2, Templar Archives  
  78  6:13  Zealot  
  78  6:14  Probe x2  
  86  6:26  Probe x2  
  86  6:30  Probe  
  89  6:33  Zealot x3  
  89  6:38  Psionic Storm, Probe, Immortal  
  100  6:53  Probe x2  
  102  6:54  High Templar x3  
  102  6:55  High Templar  
  110  7:03  Assimilator, Pylon  
  110  7:05  Assimilator  
  110  7:06  Pylon  
  110  7:15  Gateway  
  110  7:22  Forge  
  110  7:23  Probe x3, Protoss Ground Weapons Level 2  
  110  7:24  Gateway  
  110  7:25  High Templar  
  110  7:26  Zealot x2, Gateway  
  110  7:28  High Templar  
  110  7:29  Gateway  
  121  7:36  Protoss Ground Armor Level 1, Immortal, Archon  
  125  7:39  Probe x2  
  125  7:40  Probe  
  128  7:49  Pylon  
  128  7:55  Pylon  
  128  7:56  Pylon  
  127  8:00  Pylon  
  127  8:01  Zealot x2  
  127  8:02  Zealot  
  127  8:03  Pylon  
  133  8:06  Oracle  
  133  8:25  Immortal  
  137  8:36  High Templar x3  
  139  8:41  Archon  
  139  8:42  Robotics Facility  
  139  8:43  Zealot x5  
  139  8:44  Zealot x3  
  149  8:58  Nexus  
  149  9:01  Pylon  
  149  9:03  Pylon  
  149  9:05  Pylon  
  149  9:07  Pylon  
  149  9:09  Assimilator, Gateway  
  149  9:12  Gateway  
  149  9:14  Assimilator  
  149  9:15  Gateway  
  149  9:16  Gateway, High Templar x4  
  149  9:17  Protoss Ground Armor Level 2  
  157  9:19  Zealot x3, Immortal  
  157  9:21  Immortal, Archon x2  
  171  9:48  Oracle, Immortal  
  171  9:52  Immortal  
  179  10:08  Zealot x5  
  179  10:09  Zealot x3  
  179  10:40  Warp Prism x2  
  153  10:45  Oracle  
  153  10:47  High Templar x4  
  153  10:49  Zealot x6  
  173  10:50  Zealot x3  
  173  10:52  Archon x2  
  179  11:10  Nexus  
  179  11:11  Pylon  
  179  11:29  Observer x2  
  181  11:35  Zealot x4  
  181  11:36  Zealot x5  
  199  11:51  Observer x2  
  185  11:59  Zealot x4  
  185  12:00  Zealot x5  
  185  12:01  Zealot x5  
  191  12:02  Zealot  
Show
View Real Time Build Order
Export as new Build Order

alexssister Zerg 

Build Orders: Hatch First 

Get SALT Encoding   

  12  0:01  Drone  
  13  0:12  Overlord  
  13  0:18  Drone  
  14  0:23  Extractor  
  14  0:24  Drone  
  15  0:31  Drone  
  15  0:35  Drone  
  17  0:47  Drone  
  18  0:57  Hatchery  
  18  1:00  Drone  
  18  1:02  Extractor  
  17  1:16  Spawning Pool  
  16  1:19  Drone  
  16  1:22  Drone  
  18  1:29  Drone  
  19  1:39  Overlord  
  19  2:02  Queen  
  19  2:03  Zergling x4  
  19  2:04  Metabolic Boost  
  23  2:09  Queen  
  23  2:14  Drone  
  26  2:16  Drone  
  26  2:20  Drone  
  28  2:25  Drone  
  29  2:30  Drone  
  29  2:35  Drone  
  31  2:43  Drone  
  32  2:48  Overlord  
  32  3:01  Hatchery  
  32  3:03  Drone x3  
  34  3:10  Lair  
  34  3:16  Drone x2  
  36  3:29  Spore Crawler  
  36  3:30  Spore Crawler  
  36  3:31  Drone x2  
  36  3:32  Drone x2  
  36  3:33  Drone  
  39  3:37  Overlord  
  39  3:49  Overlord  
  39  3:55  Roach Warren, Extractor  
  37  3:56  Extractor  
  37  3:57  Drone x3  
  37  4:00  Drone  
  37  4:01  Drone  
  41  4:13  Drone x6  
  47  4:21  Queen  
  49  4:26  Spore Crawler  
  49  4:30  Drone x4  
  52  4:36  Drone  
  52  4:37  Drone x2  
  55  4:59  Glial Reconstitution  
  55  5:00  Hydralisk Den  
  55  5:01  Hatchery  
  55  5:03  Drone  
  55  5:04  Drone  
  55  5:05  Evolution Chamber, Overlord x2  
  55  5:06  Evolution Chamber  
  52  5:12  Zergling x2  
  52  5:13  Zergling x8  
  56  5:17  Queen  
  56  5:20  Pneumatized Carapace  
  58  5:32  Muscular Augments  
  58  5:33  Zerg Missile Weapons Level 1, Zerg Ground Armor Level 1  
  58  5:36  Drone x3  
  58  5:37  Drone, Extractor  
  58  5:39  Drone x2  
  63  5:56  Drone x6  
  63  5:57  Drone x5  
  71  5:59  Overlord  
  74  6:12  Overlord x2  
  74  6:13  Overlord x2  
  74  6:19  Extractor  
  74  6:21  Queen  
  74  6:22  Hydralisk x2  
  74  6:23  Hydralisk  
  81  6:34  Roach x5  
  81  6:35  Roach x2  
  81  6:37  Overseer  
  81  6:39  Overseer  
  95  6:44  Drone x3  
  95  6:45  Drone  
  99  6:49  Extractor  
  99  6:51  Hydralisk  
  99  6:52  Hydralisk x3  
  106  7:09  Drone x9  
  106  7:10  Drone x4  
  106  7:11  Overlord x2  
  106  7:14  Overlord  
  119  7:20  Infestation Pit  
  118  7:30  Hydralisk x6  
  118  7:34  Extractor  
  129  7:42  Zerg Ground Armor Level 2, Zerg Missile Weapons Level 2  
  129  7:44  Grooved Spines  
  129  8:04  Hydralisk x7  
  143  8:23  Overlord x5  
  143  8:24  Overlord x2  
  140  8:41  Hive  
  140  8:45  Drone x8  
  140  8:46  Drone  
  145  8:48  Extractor  
  144  8:58  Hydralisk x3, Spire  
  144  8:59  Hydralisk x7  
  144  9:00  Hatchery  
  162  9:06  Overseer  
  162  9:07  Hatchery  
  161  9:47  Hydralisk x5  
  161  9:48  Hydralisk x9, Extractor  
  161  9:49  Hydralisk  
  190  10:11  Overlord x5  
  190  10:16  Greater Spire  
  160  10:41  Hydralisk x5  
  160  10:42  Hydralisk x3  
  144  10:44  Hydralisk x3  
  144  10:45  Hydralisk x2  
  144  10:46  Zergling x10  
  144  10:47  Zergling x14  
  162  10:55  Hydralisk x4  
  170  10:58  Hydralisk  
  170  11:00  Zergling x2  
  170  11:01  Zergling x12  
  179  11:09  Drone x3  
  179  11:10  Drone x2  
  184  11:16  Queen  
  186  11:38  Extractor  
  185  11:40  Hydralisk x4  
  185  11:41  Hydralisk x3  
Tags
 
Add a new tag
Caveats
  • Supply blocks, unpowered buildings, or Contaminate may cause inaccurate times.
  • Supply counts are checked every 10 seconds.